[Event "FIDE WCCC Girls-12 2024"]
[Site "Montesilvano"]
[Date "2024.11.18"]
[Round "2.24"]
[White "Ivanova, Gabriela"]
[Black "Sunea, Sara Maria"]
[Result "0-1"]
[ECO "D02"]
[WhiteElo "1680"]
[BlackElo "1823"]
[PlyCount "104"]
[EventDate "2024.11.18"]
[EventType "swiss"]
[EventCountry "ITA"]
[TimeControl "5400+30"]

1. d4 Nf6 2. Nf3 c5 3. dxc5 e6 4. g3 Bxc5 5. Bg2 d5 6. O-O O-O 7. Bf4 Nc6 8. Re1 Qb6 9. e3 Qxb2 10. Nbd2 Qb6 11. Rb1 Qd8 12. Ne5 Bd6 13. Nxc6 bxc6 14. Bxd6 Qxd6 15. c4 Ba6 16. e4 dxe4 17. Nxe4 Nxe4 18. Rxe4 Rad8 19. Qxd6 Rxd6 20. c5 Rd7 21. Ra4 Bb5 22. Ra5 Rfd8 23. Bf3 Rc7 24. a4 Bc4 25. Rb4 Bd5 26. Be2 Kf8 27. f4 Ke7 28. Ba6 Kf6 29. Bb7 Rdd7 30. Rxa7 Bc4 31. a5 Bb5 32. a6 Bxa6 33. Rxa6 Rxb7 34. Rxb7 Rxb7 35. Rxc6 Rb1+ 36. Kg2 Rc1 37. Rc7 h5 38. c6 g6 39. Kh3 Rc2 40. Rc8 Kf5 41. Rc7 f6 42. Rc8 e5 43. fxe5 g5 44. g4+ hxg4+ 45. Kg3 Rc3+ 46. Kg2 Kxe5 47. c7 Kf5 48. Kf2 g3+ 49. hxg3 Kg4 50. Rf8 Rxc7 51. Rxf6 Rc2+ 52. Ke3 Kxg3 0-1

[Event "FIDE WCCC Girls-12 2024"]
[Site "Montesilvano"]
[Date "2024.11.18"]
[Round "2.27"]
[White "Zavivaeva, Angelina"]
[Black "Ribreau, Anna"]
[Result "1/2-1/2"]
[ECO "B07"]
[WhiteElo "1499"]
[BlackElo "1726"]
[PlyCount "124"]
[EventDate "2024.11.18"]
[EventType "swiss"]
[EventCountry "ITA"]
[TimeControl "5400+30"]

1. e4 d6 2. d4 Nf6 3. Nc3 c6 4. f3 Nbd7 5. Be3 e5 6. Qd2 Be7 7. O-O-O b5 8. d5 cxd5 9. Nxd5 Nxd5 10. Qxd5 Ba6 11. Qc6 Qc8 12. Bxb5 Bxb5 13. Qxb5 Rb8 14. Qa4 Qb7 15. Qb3 Qa6 16. Qa3 Qb7 17. b3 a6 18. Qb2 O-O 19. h4 Rfc8 20. Ne2 Nb6 21. Bxb6 Qxb6 22. Rd2 a5 23. Nc3 Qb7 24. g3 g5 25. Nd5 a4 26. hxg5 Bxg5 27. f4 Bd8 28. Rd3 f6 29. f5 Qg7 30. Qa3 axb3 31. Rxb3 Qg5+ 32. Kb1 Qd2 33. Qb2 Qg2 34. Re1 Qf2 35. Rc1 Qa7 36. Rh1 Rxb3 37. cxb3 Qg7 38. Qh2 Be7 39. g4 Rb8 40. Qh6 Qf7 41. Rc1 Bd8 42. Kb2 Ra8 43. Qh5 Qd7 44. Qh6 Qf7 45. Rc4 Qa7 46. a4 Qf2+ 47. Ka3 Qg1 48. Nxf6+ Bxf6 49. Qxf6 Qa1+ 50. Kb4 Qe1+ 51. Kb5 Qa5+ 52. Kc6 Qa6+ 53. Kd5 Qb7+ 54. Kxd6 Ra6+ 55. Kxe5 Rxf6 56. Kxf6 Qb6+ 57. Ke7 Qb7+ 58. Kf6 Qb6+ 59. Ke7 Qb7+ 60. Kf6 Qb6+ 61. Ke7 Qb7+ 62. Kf6 Qb6+ 1/2-1/2

[Event "FIDE WCCC Girls-12 2024"]
[Site "Montesilvano"]
[Date "2024.11.18"]
[Round "2.29"]
[White "Siskou, Evangelia"]
[Black "Potikha, Shelley"]
[Result "1/2-1/2"]
[ECO "C15"]
[WhiteElo "1884"]
[BlackElo "1561"]
[PlyCount "110"]
[EventDate "2024.11.18"]
[EventType "swiss"]
[EventCountry "ITA"]
[TimeControl "5400+30"]

1. e4 e6 2. d4 d5 3. Nc3 Bb4 4. Nge2 dxe4 5. a3 Bxc3+ 6. Nxc3 Nc6 7. d5 exd5 8. Qxd5 Be6 9. Qxd8+ Rxd8 10. Bf4 f5 11. Bxc7 Rd7 12. Bf4 Kf7 13. Rd1 Nd4 14. Rd2 Ne7 15. Nb5 Nxb5 16. Bxb5 Rxd2 17. Kxd2 Rd8+ 18. Kc1 Ng6 19. Be3 a6 20. Be2 Ne5 21. b3 Ng4 22. Bf4 Rc8 23. Bxg4 fxg4 24. Kb2 Bf5 25. Be3 Rd8 26. Re1 h5 27. Bg5 Rd7 28. c4 b5 29. cxb5 axb5 30. Rc1 Kg6 31. Be3 Rd5 32. Rc5 Rxc5 33. Bxc5 Kf7 34. Kc3 Bd7 35. Kb4 Ke6 36. Bd4 g6 37. Kc5 Be8 38. Bb2 Bd7 39. Bc1 Be8 40. Bg5 Bd7 41. g3 Be8 42. Kd4 Kf5 43. Bd8 Bd7 44. Kd5 Be6+ 45. Kc6 Bxb3 46. Kxb5 Ke6 47. a4 Kd7 48. Bb6 Kc8 49. a5 Kb7 50. a6+ Ka8 51. Kc5 Be6 52. Kc6 Bf5 53. a7 Be6 54. Be3 Bf5 55. Kd6 Kb7 1/2-1/2